 Dungeon Crawl Stone Soup version 0.17.0-23-g0de4337 (console) character file.

259 gw the Skirmisher (level 5, 0/42 HPs)
             Began as a Demonspawn Fighter on Nov 14, 2015.
             Was an Initiate of Okawaru.
             Killed from afar by an orc wizard (7 damage)
             ... with a magic dart
             ... on level 5 of the Dungeon.
             The game lasted 00:04:36 (4387 turns).

gw the Skirmisher (Demonspawn Fighter)              Turns: 4387, Time: 00:04:36

Health: 0/42       AC: 10    Str: 16    XL:     5   Next: 94%
Magic:  0/6        EV:  6    Int:  9    God:    Okawaru [......]
Gold:   260        SH:  9    Dex: 14    Spells: 0 memorised, 4 levels left

rFire  . . .     SeeInvis .     a - +1 long sword
rCold  . . .     Clarity  .     o - +0 chain mail
rNeg   . . .     SustAt   .     c - +0 shield
rPois  .         Gourm    .     m - +0 helmet
rElec  .         Spirit   +     (no cloak)
rCorr  .         Warding  .     (no gloves)
rMut   .         Stasis   .     (no boots)
MR     .....                    (no amulet)
Stlth  ..........               (no ring)
                                n - ring of loudness (curse)

@: not resistant to hostile enchantments, extremely unstealthy
A: repulsion field 1, magic shield
a: Renounce Religion


You were on level 5 of the Dungeon.
You worshipped Okawaru.
Okawaru was noncommittal.
You were not hungry.

You visited 1 branch of the dungeon, and saw 5 of its levels.

You collected 260 gold pieces.

Inventory:

Hand Weapons
 a - a +1 long sword (weapon)
Missiles
 g - 76 stones (quivered)
 p - 23 poisoned needles
Armour
 c - a +0 shield (worn)
 m - a +0 helmet (worn)
 o - a +0 chain mail (worn)
Jewellery
 n - a cursed ring of loudness (left hand)
Wands
 k - a wand of polymorph (8)
Scrolls
 h - 2 scrolls of identify
 j - 2 scrolls of immolation
 q - a scroll of recharging
Potions
 d - 3 potions of curing
 i - 5 potions of lignification
Comestibles
 e - 6 bread rations
 l - 3 meat rations


   Skills:
 + Level 3.8 Fighting
 * Level 3.3 Long Blades
 + Level 1.5 Throwing
 + Level 3.6 Armour
 + Level 3.4 Shields
 + Level 1.3 Invocations


You had 4 spell levels left.
You didn't know any spells.

Dungeon Overview and Level Annotations

Branches:
Dungeon (5/15)
 Temple: D:4-7

Altars:
Gozag
Okawaru
Qazlal
Ru

Shops:
D:2 *


Innate Abilities, Weirdness & Mutations

You are surrounded by a mild repulsion field (EV +2).
When hurt, damage is shared between your health and your magic reserves.


Message History

You hit the iguana but do no damage.
The iguana is moderately wounded.
The centaur hits you.
The jackal bites you but does no damage.
The iguana bites you.
The jackal bites you but does no damage. x2
The centaur barely misses you.
The orc wizard hits you but does no damage.
The orc hits you with a dagger. The iguana bites you!
The jackal bites you but does no damage. x2
You block the jackal's attack.
ATTACK MOVE TO (-1,-1)
You hit the iguana but do no damage.
The iguana is moderately wounded.
The centaur hits you. You block the jackal's attack.
You block the jackal's attack.
The jackal bites you but does no damage.
The orc wizard gestures at you while chanting.
The magic dart hits you!
You die...

#.#######..
#.........
!.......#
#.......#
#.......#
#.......#
#.lhh...#
#.h6oo..#
#..oc.<.#
#...>...#
#.......#
#########


You could see a centaur, an iguana, an orc wizard, 2 orcs and 3 jackals.

Table legend:
 A = Turns spent in this place as a percentage of turns spent in the entire game.
 B = Non-inter-level travel turns spent in this place as a percentage of non-inter-level travel turns spent in the entire game.
 C = Inter-level travel turns spent in this place as a percentage of turns spent in this place.
 D = Turns resting spent in this place as a percentage of non-inter-level travel turns spent in this place.
 E = Turns spent auto-exploring this place as a percentage of non-inter-level travel turns spent in this place.
 F = Non-inter-level travel turns spent in this place divided by the number of levels of this place that you've seen.
                   A       B       C       D       E      F
               +-------+-------+-------+-------+-------+----------------------
         Total | 100.0 | 100.0 |   0.5 |   1.2 |   2.7 | 1057.8
       Dungeon | 100.0 | 100.0 |   0.5 |   1.2 |   2.7 | 1057.8
               +-------+-------+-------+-------+-------+----------------------

Table legend:
 A = Kills in this place as a percentage of kills in entire the game.
 B = Kills by you in this place as a percentage of kills by you in the entire game.
 C = Kills by friends in this place as a percentage of kills by friends in the entire game.
 D = Other kills in this place as a percentage of other kills in the entire game.
 E = Experience gained in this place as a percentage of experience gained in the entire game.
 F = Experience gained in this place divided by the number of levels of this place that you have seen.
                   A       B       C       D       E      F
               +-------+-------+-------+-------+-------+----------------------
         Total | 100.0 | 100.0 |  -nan |  -nan | 100.0 |  74.0
       Dungeon | 100.0 | 100.0 |  -nan |  -nan | 100.0 |  74.0
               +-------+-------+-------+-------+-------+----------------------

Vanquished Creatures
  An orc priest (D:4)
  2 giant frog skeletons (D:4)
  An iguana (D:4)
  A worker ant (D:4)
  2 gnolls
  3 adders
  3 giant geckos
  10 orcs
  5 hobgoblins
  8 jackals
  5 kobolds
  5 bats
  3 giant cockroaches
  A giant cockroach zombie (D:4)
  6 giant newts
  8 goblins
  2 quokkas (D:2)
  5 rats
71 creatures vanquished.

Notes
Turn   | Place    | Note
--------------------------------------------------------------
     0 | D:1      | gw the Demonspawn Fighter began the quest for the Orb.
     0 | D:1      | Reached XP level 1. HP: 18/18 MP: 1/1
   309 | D:1      | Gained mutation: When hurt, damage is shared between your health and your magic reserves. [demonic ancestry]
   309 | D:1      | Reached XP level 2. HP: 24/24 MP: 2/2
   989 | D:2      | Reached XP level 3. HP: 29/29 MP: 3/3
  1347 | D:2      | Found Gozag's Platinum Reserve.
  1352 | D:2      | Found an opulent altar of Gozag.
  1366 | D:2      | Found an iron altar of Okawaru.
  1610 | D:2      | Became a worshipper of Warmaster Okawaru
  1999 | D:3      | Reached XP level 4. HP: 35/35 MP: 4/4
  2068 | D:3      | Found a stormy altar of Qazlal.
  2971 | D:4      | Reached skill level 1 in Throwing
  2992 | D:4      | Found a sacrificial altar of Ru.
  3314 | D:4      | Gained mutation: You are surrounded by a mild repulsion field (EV +2). [demonic ancestry]
  3314 | D:4      | Reached XP level 5. HP: 41/41 MP: 5/5
  3402 | D:4      | Reached skill level 1 in Invocations
  4379 | D:5      | Entered Level 5 of the Dungeon
  4379 | D:5      | Noticed a centaur
  4387 | D:5      | Killed from afar by an orc wizard

Action                   |  1- 3 |  4- 6 || total
-------------------------+-------+-------++-------
Melee: Long sword        |   105 |   129 ||   234
Throw: Stone             |    31 |    72 ||   103
  Use: Scroll            |     8 |     5 ||    13
       Potion            |     6 |     3 ||     9
  Eat: Chunk             |     3 |     8 ||    11

Vault maps used:
D:1:      dpeg_arrival_chambers_temple_mockup, minmay_misc_feat_iff
D:2:      okawaru_altar_gauntlet_db, nicolae_gozag_zags_fifth_avenue,
          minmay_misc_feat_x
D:3:      hangedman_decor_lopped, nicolae_qazlal_eye_of_the_storm
D:4:      first_bread, minmay_misc_feat_roman, nicolae_ru_awakened_eye
D:5:      overflow_temple_1_default, grunt_temple_overflow_open, st_stairs_6,
          uniq_prince_ribbit1
